 Dungeon Sprint DCSS version 0.31.0-32-g396128a36d (webtiles) character file.

Game seed: 3103922476266136744

375 Heoruswealwe the Spear-Bearer (level 6, 0/63 HPs)
             Began as a Minotaur Fighter on Mar 9, 2024.
             Was an Initiate of Gozag.
             Slain by a two-headed ogre
             ... wielding a +0 giant spiked club
              (18 damage)
             ... in the Dungeon (Sprint IX: "|||||||||||||||||||||||||||||").
             The game lasted 00:01:15 (114 turns).

Heoruswealwe the Spear-Bearer (Minotaur Fighter)     Turns: 114, Time: 00:01:15

Health: 0/63       AC:  8    Str: 22    XL:     6   Next: 44%
Magic:  5/5        EV:  9    Int:  5    God:    Gozag
Gold:   0          SH:  4    Dex: 10    Spells: 5/5 levels left

rFire   . . .        a - +0 trident
rCold   . . .        d - +0 buckler
rNeg    . . .        c - +0 scale mail
rPois   .            (helmet restricted)
rElec   .            (no cloak)
rCorr   .            (no gloves)
SInv    .            (no boots)
Will    .....        (no amulet) Stlth
                     (no ring)
HPRegen 0.30/turn    (no ring)
MPRegen 0.09/turn

%: no teleportation
@: gold aura
A: horns 2, retaliatory headbutt
a: Renounce Religion, Potion Petition, Call Merchant, Bribe Branch


You were in the Dungeon.
You worshipped Gozag.
Gozag was noncommittal.
You visited 1 branch

Inventory:

Hand Weapons
 a - a +0 trident (weapon)
Armour
 c - a +0 scale mail (worn)
 d - a +0 buckler (worn)
Jewellery
 k - a +2 ring of protection
 l - a +3 ring of intelligence
Wands
 h - a wand of light (10)
Scrolls
 j - 2 scrolls of blinking
Potions
 b - a potion of might
 e - 5 potions of curing
 f - 3 potions of heal wounds
 g - a potion of haste
 i - a potion of berserk rage


   Skills:
 + Level 9.1 Fighting
 * Level 11.9 Polearms
 + Level 9.1 Armour
 - Level 3.6 Shields


You had 5 spell levels left.
You didn't know any spells.
Your spell library was empty.

Dungeon Overview and Level Annotations

Branches:
Dungeon (1/1)

Altars:
Cheibriados
Dithmenos
Elyvilon
Fedhas
Gozag
Hepliaklqana
Kikubaaqudgha
Makhleb
Nemelex Xobeh
Okawaru
Qazlal
Ru
Sif Muna
Trog
Uskayaw
Vehumet
Wu Jian
Xom
Yredelemnul
Zin
The Shining One
Jiyva
Lugonu


Innate Abilities, Weirdness & Mutations

You have a pair of horns on your head.
You reflexively headbutt those who attack you in melee.


Message History

The orc warrior hits you but does no damage.
There is an open door to the Dungeon here.
Things that are here:
36 gold pieces; a +0 whip; 7 poisoned darts You puncture the orc warrior!
You headbutt the orc warrior, but do no damage.
The orc warrior is moderately wounded.
The howler monkey is distracted by your dazzling golden aura.
The orc warrior hits you with a +0 halberd!
You puncture the orc warrior!
The orc warrior is severely wounded.
The howler monkey is no longer distracted by gold.
The howler monkey hoots and howls with incredible vigour!
You hear a horrible gurgling sound!
You puncture the orc warrior!
You kill the orc warrior!
Your Polearms skill increases to level 11!
You have reached level 6!
You puncture something!
The two-headed ogre is distracted by your dazzling golden aura.
Something hits you.
The two-headed ogre shouts in stereo!
You hit something but do no damage. Something hits you but does no damage.
You miss something.
The two-headed ogre is no longer distracted by gold.
The howler monkey hoots and howls with incredible vigour!
The shadow slips into darkness.
The shadow flickers and vanishes!
You block something's attack.
You hear a horrible gurgling sound!
You hear a roar!
You miss something. Your headbutt misses something. You barely miss something.
Your headbutt misses something. Something hits you.
* * * LOW HITPOINT WARNING * * *
You hit something.
Reactivating autopickup.
You feel a bit more experienced.
Your Fighting skill increases to level 9!
Your Armour skill increases to level 9!
The two-headed ogre hits you with a +0 giant spiked club!!
You die...
Your body crumbles into a pile of gold. ▓▓▓▓▓▓▓▓▓▓▓▓▓▓▓▓▓▓▓▓▓▓▓ _____'!?).[[[..$@Oh...+ ▓▓▓▓▓▓▓▓▓▓▓▓▓▓▓▓▓▓▓▓▓▓▓

You could see a two-headed ogre and a howler monkey.

Vanquished Creatures
  An orc warrior (D)
  A kobold brigand (D)
  2 scorpions (D)
  A bombardier beetle (D)
  A hound (D)
  An orc wizard (D)
  An orc (D)
  A giant cockroach (D)
  A quokka (D)
  A frilled lizard (D)
  2 kobolds (D)
13 creatures vanquished.

Notes
Turn   | Place    | Note
-------+----------+-------------------------------------------
     0 | D        | Heoruswealwe the Minotaur Fighter began the quest for the
                  | Orb.
     0 | D        | Reached XP level 1. HP: 19/19 MP: 0/0
     7 | D        | Reached skill level 3 in Polearms
    17 | D        | Noticed a scorpion
    17 | D        | Noticed a scorpion
    17 | D        | Noticed a hound
    17 | D        | Noticed a bombardier beetle
    19 | D        | Killed a scorpion
    20 | D        | Reached skill level 5 in Fighting
    20 | D        | Reached skill level 6 in Polearms
    20 | D        | Reached skill level 5 in Armour
    20 | D        | Reached XP level 2. HP: 25/30 MP: 1/1
    20 | D        | Reached XP level 3. HP: 31/37 MP: 2/2
    23 | D        | Killed a scorpion
    24 | D        | Reached skill level 8 in Polearms
    24 | D        | Reached XP level 4. HP: 39/45 MP: 3/3
    33 | D        | Reached skill level 9 in Polearms
    33 | D        | Reached XP level 5. HP: 43/52 MP: 4/4
    46 | D        | Found a snail-covered altar of Cheibriados.
    46 | D        | Found a shadowy altar of Dithmenos.
    46 | D        | Found a white marble altar of Elyvilon.
    46 | D        | Found a blossoming altar of Fedhas.
    46 | D        | Found an opulent altar of Gozag.
    47 | D        | Found a hazy altar of Hepliaklqana.
    48 | D        | Found a viscous altar of Jiyva.
    49 | D        | Found an ancient bone altar of Kikubaaqudgha.
    50 | D        | Found a corrupted altar of Lugonu.
    51 | D        | Found a burning altar of Makhleb.
    52 | D        | Found a sparkling altar of Nemelex Xobeh.
    53 | D        | Found an iron altar of Okawaru.
    54 | D        | Became a worshipper of Gozag Ym Sagoz the Greedy
    55 | D        | Found a stormy altar of Qazlal.
    56 | D        | Found a sacrificial altar of Ru.
    57 | D        | Found a shimmering blue altar of Sif Muna.
    58 | D        | Found a bloodstained altar of Trog.
    59 | D        | Found a hide-covered altar of Uskayaw.
    60 | D        | Found a radiant altar of Vehumet.
    61 | D        | Found an ornate altar of the Wu Jian Council.
    62 | D        | Found a shimmering altar of Xom.
    63 | D        | Found a basalt altar of Yredelemnul.
    64 | D        | Found a glowing silver altar of Zin.
    65 | D        | Found a glowing golden altar of the Shining One.
    92 | D        | Noticed an orc warrior
    92 | D        | Noticed a shadow
    92 | D        | Noticed a two-headed ogre
   104 | D        | Reached skill level 10 in Polearms
   107 | D        | Killed an orc warrior
   108 | D        | Reached skill level 11 in Polearms
   108 | D        | Reached XP level 6. HP: 22/62 MP: 5/5
   114 | D        | Slain by a two-headed ogre

Illustrated notes

Levels and vault maps discovered:
D:        linesprint [early_d, line_temple, items_1, d_10, items_2, lair_1,
          lair_end, items_3, orc_1, orc_end, items_4, d_15, swamp_1, shoals_1,
          snake_1, spider_1, d_20, vaults_1, items_5, swamp_end, shoals_end,
          snake_end, spider_end, vaults_end, d_27, items_6, zot_1, zot_end,
          crypt_end, forest_end, elf_end, slime_end, tomb_end, abyss_end,
          pan_hell_end]

Skill      XL: |  1  2  3  4  5  6 |
---------------+-------------------+-----
Polearms       | 6 8 9 11 | 11.9
Fighting       | 5 6 7 8 9 |  9.1
Armour         | 5 6 7 8 9 |  9.1
Shields        | |  3.6

Action                     |  1- 3 |  4- 6 || total
---------------------------+-------+-------++-------
  Melee: Trident           |    12 |    34 ||    46
         Headbutt          |     2 |     3 ||     5
 Armour: Scale mail        |     3 |    16 ||    19
  Dodge: Dodged            |     4 |    13 ||    17
  Block: Buckler           |     2 |     7 ||     9
